Map: Dusty Gorge

Players

Massa

  • Race: Terran Terran
  • League: Gold
  • Spawn Location: 11:00

qqq

  • Race: Zerg Zerg
  • League: Platinum
  • Spawn Location: 9:00

SkeletonJack - Winner!

  • Race: Zerg Zerg
  • League: Diamond
  • Spawn Location: 3:00

Olitzo - Winner!

  • Race: Terran Terran
  • League: Silver
  • Spawn Location: 5:00

VOD

Have the link to the VOD?

Description

Time

  • Played on: April 10, 2020, 11:05 a.m.
  • Length: 12:05
Show
View Real Time Build Order
Export as new Build Order

Massa Terran 

Build Orders:  

Get SALT Encoding   

  12  0:13  SCV, Supply Depot  
  13  0:26  SCV  
  14  0:35  Barracks  
  14  0:38  SCV  
  15  0:50  SCV  
  16  0:57  Barracks  
  16  1:02  SCV  
  17  1:14  SCV  
  17  1:18  Supply Depot  
  18  1:26  Barracks, Marine  
  18  1:31  SCV  
  20  1:47  Marine  
  20  1:48  Refinery, Marine  
  22  1:58  SCV  
  23  2:05  Barracks  
  23  2:14  Marine x3  
  26  2:22  Orbital Command  
  26  2:32  Marine x3  
  29  2:39  Supply Depot  
  29  2:50  Marine x2  
  31  3:00  Marine x2  
  31  3:05  Factory  
  33  3:08  Marine  
  34  3:17  Marine  
  34  3:18  Marine x2  
  37  3:25  Marine  
  38  3:35  Marine  
  39  3:48  Marine x2  
  39  3:49  Marine  
  39  3:53  Marine  
  39  3:55  Factory Tech Lab  
  36  4:06  Marine x2  
  36  4:07  Marine  
  37  4:11  Marine  
  33  4:17  Siege Tank  
  33  4:24  Marine x2  
  35  4:25  Marine  
  35  4:29  Marine  
  36  4:41  Marine  
  36  4:42  Marine x2  
  37  4:46  Marine  
  36  4:59  Marine  
  36  5:01  Marine x2  
  36  5:04  Marine  
  39  5:08  Supply Depot  
  39  5:09  Siege Tank  
  38  5:17  Marine  
  38  5:19  Marine x2  
  39  5:23  Marine  
  39  5:35  Marine  
  40  5:36  SCV, Marine  
  40  5:37  Marine  
  40  5:41  Marine  
  44  5:48  Command Center  
  44  5:49  SCV  
  45  5:53  Marine  
  45  5:54  Supply Depot  
  46  6:01  SCV  
  47  6:16  SCV  
  48  6:28  SCV  
  48  6:31  Barracks Tech Lab  
  48  6:32  Barracks Reactor  
  49  6:39  Starport  
  49  6:40  SCV  
  49  6:44  Barracks  
  50  6:52  SCV  
  51  7:02  SCV  
  51  7:04  SCV  
  53  7:09  Cyclone  
  53  7:14  SCV  
  57  7:15  Starport  
  57  7:16  SCV  
  58  7:26  SCV  
  58  7:28  Marine x5  
  58  7:29  SCV  
  65  7:35  Refinery  
  65  7:36  Refinery  
  65  7:38  SCV  
  65  7:41  SCV  
  67  7:46  Marine x3  
  67  7:50  Starport Reactor  
  70  7:54  Supply Depot  
  70  7:56  Supply Depot  
  70  8:07  Refinery  
  70  8:08  Barracks Reactor  
  70  8:13  Command Center  
  70  8:15  Marine x4, Viking  
  70  8:16  SCV  
  77  8:37  Engineering Bay  
  77  8:38  Siege Tank  
  77  8:39  Engineering Bay  
  80  8:43  SCV  
  80  8:46  SCV  
  82  8:54  Starport Tech Lab  
  82  8:55  Viking x2  
  82  8:58  Orbital Command  
  86  9:25  SCV  
  87  9:37  SCV  
  88  9:42  Marauder, Marine x4  
  94  9:49  SCV  
  95  10:00  Marine x4  
  95  10:01  SCV  
  95  10:05  Marauder  
  90  10:17  Marine x2  
  90  10:18  Marine x4  
  90  10:19  Siege Tank  
  81  10:21  Viking  
  81  10:22  Viking  
  81  10:26  Marauder  
  87  10:35  Marine x3  
  83  10:36  Marine  
  83  10:40  SCV  
  86  10:45  Marine x2  
  86  10:47  Marauder  
  90  10:51  Viking, Siege Tank  
  90  10:52  SCV, Marine  
  90  10:53  Marine  
  95  11:01  Medivac x2  
  95  11:04  SCV  
  83  11:09  Marauder  
  79  11:16  SCV  
  78  11:21  Medivac  
  71  11:28  SCV  
  71  11:30  Marauder  
  72  11:35  Marine x4  
  77  11:53  Barracks  
Show
View Real Time Build Order
Export as new Build Order

qqq Zerg 

Build Orders: Hatch First, Swarm Host 

Get SALT Encoding   

  12  0:08  Drone  
  12  0:09  Drone  
  14  0:36  Hatchery  
  13  0:53  Spawning Pool  
  12  0:58  Drone  
  12  1:00  Extractor  
  12  1:07  Overlord  
  12  1:12  Drone  
  12  1:17  Drone  
  14  1:27  Drone  
  15  1:34  Drone  
  16  1:41  Zergling x2  
  17  1:52  Zergling x2  
  18  1:54  Queen  
  18  1:57  Zergling x2  
  21  2:06  Overlord  
  21  2:13  Metabolic Boost  
  21  2:17  Zergling x2  
  21  2:20  Drone  
  23  2:24  Zergling x2  
  24  2:30  Zergling x2  
  24  2:31  Zergling x2  
  26  2:41  Zergling x2  
  26  2:42  Zergling x2  
  28  2:44  Zergling x2  
  28  2:46  Zergling x2  
  30  2:54  Zergling x2  
  30  2:56  Overlord  
  31  3:07  Zergling x4  
  31  3:08  Zergling x2  
  31  3:10  Zergling x2  
  35  3:15  Overlord  
  35  3:24  Zergling x4  
  35  3:25  Zergling x2  
  38  3:33  Zergling x2  
  28  3:42  Zergling x6  
  28  3:43  Zergling x2  
  32  3:52  Zergling x2  
  32  3:53  Zergling x2  
  31  4:03  Zergling x4  
  28  4:18  Zergling x4  
  28  4:19  Zergling x4  
  29  4:35  Zergling x4  
  27  4:47  Zergling x6  
  27  4:48  Zergling x2  
  27  4:49  Lair  
  27  5:10  Zergling x4  
  27  5:11  Zergling x4  
  29  5:22  Zergling x4  
  29  5:23  Zergling x8  
  35  5:31  Zergling x2  
  36  5:40  Drone  
  37  5:52  Drone  
  38  6:16  Hatchery  
  37  6:23  Zergling x2  
  37  6:24  Zergling x6  
  37  6:25  Drone x3  
  44  6:31  Drone x2  
  44  6:32  Extractor  
  45  6:39  Infestation Pit  
  44  6:40  Overlord  
  44  6:53  Overlord x2  
  44  6:55  Overlord  
  44  7:03  Spore Crawler  
  43  7:16  Drone x3  
  43  7:17  Drone x2  
  43  7:21  Spore Crawler  
  47  7:28  Swarm Host  
  50  7:49  Drone x3  
  53  7:52  Queen  
  53  7:53  Swarm Host  
  58  7:59  Swarm Host  
  61  8:20  Drone x2, Swarm Host  
  61  8:21  Swarm Host x2  
  61  8:24  Drone  
  73  8:27  Drone  
  74  8:34  Overlord  
  74  8:39  Spore Crawler  
  73  8:49  Drone  
  74  8:56  Hive  
  74  8:57  Swarm Host x2  
  74  8:59  Drone  
  77  9:47  Swarm Host  
  77  9:48  Overlord x3  
  77  9:49  Overlord  
  58  10:31  Swarm Host x3  
  58  10:32  Drone x3  
  58  10:33  Drone x3  
  72  10:44  Hatchery, Zergling x2  
  72  10:48  Drone x2  
  74  11:01  Hatchery  
  73  11:21  Ultralisk Cavern, Swarm Host  
  73  11:22  Swarm Host x3  
  73  11:24  Zergling x8  
  73  11:25  Zergling x8  
  51  11:47  Zergling x4  
Show
View Real Time Build Order
Export as new Build Order

SkeletonJack Zerg - Winner!

Build Orders: Hatch First, Muta Ling Bane, Zergling Baneling 

Get SALT Encoding   

  12  0:01  Drone  
  13  0:15  Overlord  
  13  0:18  Drone  
  14  0:33  Drone x2  
  16  0:37  Drone  
  17  0:55  Hatchery  
  16  1:00  Drone  
  16  1:01  Drone  
  18  1:04  Extractor  
  17  1:17  Spawning Pool  
  16  1:20  Drone  
  16  1:23  Drone  
  18  1:36  Drone  
  19  1:59  Overlord  
  19  2:00  Drone  
  20  2:09  Queen  
  20  2:10  Queen  
  20  2:13  Drone x2  
  20  2:15  Metabolic Boost  
  26  2:26  Drone x3  
  29  2:37  Baneling Nest  
  29  2:38  Zergling x4  
  30  2:47  Zergling x4  
  32  2:59  Zergling x4  
  34  3:17  Zergling x4  
  36  3:20  Overlord x2  
  36  3:23  Baneling x3  
  36  3:24  Baneling x2  
  36  3:25  Baneling  
  34  3:41  Drone, Zergling x4  
  34  3:42  Zergling x6  
  39  3:52  Zergling x2  
  35  3:59  Queen  
  35  4:02  Zergling x4  
  36  4:03  Zergling x10  
  35  4:10  Zergling x2  
  35  4:14  Zergling x2  
  36  4:20  Zergling x2  
  36  4:27  Zergling x4  
  35  4:32  Baneling x2  
  33  4:41  Zergling x4  
  33  4:56  Queen  
  35  5:00  Zergling x6  
  35  5:01  Zergling x6  
  37  5:18  Zergling x6  
  37  5:19  Zergling x4  
  40  5:31  Drone x2  
  42  5:39  Baneling x5  
  42  5:40  Drone  
  42  5:41  Drone  
  44  5:49  Evolution Chamber  
  43  5:50  Drone  
  45  6:04  Zergling x8  
  45  6:05  Drone x2  
  50  6:16  Zergling x4  
  50  6:17  Overlord  
  52  6:37  Drone x6  
  60  6:40  Extractor  
  60  6:42  Lair  
  60  6:43  Queen  
  58  7:02  Drone x2  
  58  7:04  Overlord x3  
  60  7:08  Extractor  
  60  7:09  Zerg Melee Weapons Level 1  
  60  7:12  Extractor  
  58  7:22  Overlord x2  
  58  7:44  Overlord  
  58  7:45  Overlord  
  58  7:57  Spire  
  57  7:58  Drone x2  
  57  7:59  Drone  
  57  8:00  Drone, Overlord x2  
  57  8:02  Drone  
  57  8:03  Drone  
  63  8:25  Hatchery  
  63  8:26  Pneumatized Carapace  
  62  8:31  Drone x4  
  66  8:34  Centrifical Hooks  
  66  8:38  Baneling x3  
  66  8:50  Drone  
  66  8:51  Drone x2  
  69  9:19  Baneling x3  
  68  9:27  Mutalisk  
  68  9:28  Mutalisk x4  
  74  9:43  Mutalisk  
  74  9:44  Mutalisk  
  77  9:47  Overseer x2  
  77  9:57  Zergling x8  
  71  10:08  Zergling x8  
  71  10:09  Mutalisk x2, Zergling x14  
  71  10:10  Zergling x4  
  74  10:21  Queen  
  71  10:48  Mutalisk x4  
  71  10:49  Zergling x4  
  80  10:50  Zergling x10  
  84  10:57  Baneling x4  
  84  10:58  Baneling x2  
  84  10:59  Zergling x8  
  84  11:01  Queen  
  90  11:23  Zergling x12  
  90  11:24  Zergling x6  
  99  11:35  Zergling x10  
Show
View Real Time Build Order
Export as new Build Order

Olitzo Terran - Winner!

Build Orders:  

Get SALT Encoding   

  12  0:01  SCV  
  13  0:15  Supply Depot  
  13  0:18  SCV  
  14  0:30  SCV  
  15  0:39  Barracks  
  15  0:43  Refinery  
  15  0:46  SCV  
  16  0:58  SCV  
  17  1:10  SCV  
  18  1:26  Orbital Command  
  18  1:27  Barracks Reactor  
  18  1:32  Supply Depot  
  18  1:57  Command Center  
  18  2:00  SCV  
  18  2:09  Marine x2  
  18  2:13  SCV  
  21  2:20  Bunker  
  21  2:26  SCV  
  22  2:31  Marine x2  
  24  2:38  SCV  
  25  2:44  Factory  
  25  2:50  SCV  
  26  2:51  Marine  
  26  2:52  Marine  
  28  3:02  SCV  
  28  3:05  Supply Depot  
  29  3:10  SCV  
  30  3:17  Marine x2  
  32  3:22  SCV  
  33  3:33  Factory Tech Lab  
  34  3:34  SCV  
  34  3:38  Refinery  
  34  3:39  Marine x2  
  36  3:46  SCV  
  37  3:54  SCV  
  37  4:11  Marine x2  
  34  4:27  Siege Tank  
  34  4:29  SCV  
  38  4:36  Supply Depot  
  38  4:41  SCV  
  38  4:43  Starport  
  39  4:45  SCV  
  40  4:53  SCV  
  40  4:56  Marine x2  
  40  4:58  SCV  
  44  5:08  Siege Tank  
  44  5:10  SCV  
  48  5:21  Marine x2  
  50  5:22  SCV  
  50  5:25  Viking  
  53  5:32  Refinery x2  
  53  5:34  SCV  
  54  5:36  SCV  
  54  5:41  Siege Tank  
  58  5:46  SCV  
  58  5:48  SCV  
  60  5:58  SCV  
  60  6:00  SCV  
  60  6:01  Command Center  
  62  6:04  Barracks  
  62  6:05  Barracks x2  
  62  6:53  Supply Depot  
  62  6:54  Supply Depot x2  
  62  6:56  Engineering Bay, Supply Depot  
  62  6:58  Starport Reactor  
  62  6:59  Armory, Engineering Bay  
  62  7:07  Barracks Tech Lab  
  62  7:08  Barracks Reactor x2  
  62  7:12  SCV x2, Marine x2, Siege Tank  
  69  7:19  Armory  
  69  7:31  Stimpack  
  69  7:34  Marine x2  
  69  7:35  Marine  
  72  7:44  Siege Tank  
  72  7:48  SCV  
  76  7:55  Orbital Command  
  76  8:01  SCV  
  76  8:04  Marine x4  
  76  8:05  Marine x3  
  84  8:10  Barracks  
  84  8:13  SCV, Terran Infantry Weapons Level 1, Terran Infantry Armor Level 1  
  84  8:16  Terran Vehicle And Ship Armor Level 1, Terran Vehicle Weapons Level 1  
  84  8:19  Siege Tank  
  88  8:25  SCV  
  89  8:32  Marine  
  89  8:33  Marine x6  
  96  8:37  SCV  
  96  8:40  Supply Depot  
  97  8:41  Supply Depot  
  97  8:42  Supply Depot  
  97  8:44  Supply Depot  
  97  8:46  Supply Depot  
  97  8:47  Supply Depot  
  97  8:49  SCV  
  98  8:58  Barracks  
  98  8:59  Medivac x2  
  98  9:01  SCV  
  103  9:08  Barracks Reactor  
  103  9:11  Combat Shield  
  103  9:13  SCV  
  104  9:25  SCV  
  104  9:29  Medivac x2  
  103  9:37  Marine  
  103  9:38  Marine x6  
  110  9:45  Siege Tank  
  113  9:55  Marine x2  
  113  9:56  Marine x5  
  113  9:57  SCV  
  113  9:59  Medivac x2  
  125  10:09  SCV  
  126  10:17  Siege Tank  
  128  10:22  SCV  
  125  10:34  SCV  
  126  10:46  SCV  
  124  11:29  Marine  
  124  11:30  Marine x6  
  124  11:31  Marine x3  
  134  11:47  Marine x2  
  134  11:49  SCV  
  134  11:52  Refinery  
  134  11:53  Refinery  
Tags
 
Add a new tag
Caveats
  • Supply blocks, unpowered buildings, or Contaminate may cause inaccurate times.
  • Supply counts are checked every 10 seconds.